 Dungeon Crawl Stone Soup version 0.21-a0-528-gf531e82 (webtiles) character file.

1787 Ghella the Basher (level 9, -3/93 HPs)
             Began as an Ogre Berserker on Dec 9, 2017.
             Was a Priest of Trog.
             Slain by an orc
             ... wielding a +0 dagger
              (5 damage)
             ... on level 10 of the Dungeon.
             The game lasted 00:10:59 (7321 turns).

Ghella the Basher (Ogre Berserker)                  Turns: 7321, Time: 00:11:00

Health: -3/93      AC:  3    Str: 26    XL:     9   Next: 8%
Magic:  9/9        EV: 16    Int:  8    God:    Trog [***...]
Gold:   335        SH:  0    Dex: 13    Spells: 8/8 levels left

rFire    . . .     SeeInvis .   c - +1 whip (elec)
rCold    . . .     Gourm    .   (no shield)
rNeg     . . .     Faith    .   b - +0 animal skin
rPois    .         Spirit   .   (helmet restricted)
rElec    .         Reflect  .   (no cloak)
rCorr    +         Harm     .   (gloves unavailable)
MR       ++...                  (boots unavailable)
Stlth    ++........             (no amulet)
HPRegen  1.25/turn              j - ring of resist corrosion
MPRegen  0.11/turn              (no ring)

@: agile, regenerating, drained
A: large, unfitting armour, tough skin 1
a: Berserk, Trog's Hand, Burn Spellbooks, Renounce Religion


You were on level 10 of the Dungeon.
You worshipped Trog.
Trog was most pleased with you.
You were not hungry.

You visited 1 branch of the dungeon, and saw 8 of its levels.

You collected 335 gold pieces.

Inventory:

Hand Weapons
 c - a +1 whip of electrocution (weapon)
Missiles
 w - 6 curare-tipped needles
Armour
 b - a +0 animal skin (worn)
Jewellery
 j - a ring of resist corrosion (left hand)
Scrolls
 d - 11 scrolls of identify {unknown}
 e - 2 scrolls of magic mapping {unknown}
 h - a scroll of blinking {unknown}
 o - 3 scrolls of remove curse {unknown}
 p - a scroll of teleportation {unknown}
 s - a scroll of random uselessness {unknown}
 t - a scroll of noise {unknown}
Potions
 a - a potion of ambrosia {unknown}
 f - 2 potions of curing
 g - a potion of might {unknown}
 i - a potion of resistance {unknown}
 k - a potion of berserk rage {unknown}
 n - a potion of magic
 q - a potion of flight {unknown}
 r - a potion of haste {unknown}
 u - a potion of brilliance {unknown}
 v - a potion of heal wounds {unknown}
Comestibles
 m - a royal jelly


   Skills:
 + Level 7.6(7.2) Fighting
 * Level 9.7(9.3) Maces & Flails
 - Level 3.1(2.8) Dodging


You had 8 spell levels left.
You didn't know any spells.

Dungeon Overview and Level Annotations

Branches:
Dungeon (7/15)             Temple (0/1) D:5

Altars:
Cheibriados
Dithmenos
Sif Muna
Trog
Vehumet

Annotations:
D:2 Sigmund
D:6 exclusion: oklob plant


Innate Abilities, Weirdness & Mutations

You are too large for most types of armour.
You have tough skin. (AC +1)


Message History

* * * LOW HITPOINT WARNING * * *
The wyvern bites you.
* * * LOW HITPOINT WARNING * * *
The leopard gecko bites you.
* * * LOW HITPOINT WARNING * * *
You hit the wyvern.
The wyvern is almost dead.
The wyvern misses you. The orc hits you with a dagger.
* * * LOW HITPOINT WARNING * * *
The orc closely misses you. The leopard gecko closely misses you.
Unknown command.
You hit something. Lightning courses through something! Something hits you.
* * * LOW HITPOINT WARNING * * *
The orc wizard completely misses you. The wyvern closely misses you.
Unknown command.
You closely miss something. Something closely misses you.
The orc wizard hits you but does no damage.
The leopard gecko bites you but does no damage.
The orc hits you with a dagger.
You die...

...................#
#####.######.#....#
#. #.# ..# # #.# #
##.# ##..# ####..##
#ol..## #@o...#
....?/ol.....#
..............#
..............#
..............#
..............#
..............#
.)............#


You could see a wyvern, an orc wizard, 2 orcs and a leopard gecko.

Vanquished Creatures
  Pikel (D:3)
  A hungry ghost (D:6)
  A phantom (D:5)
  A sky beast (D:6)
  A centaur (D:7)
  A bullfrog (D:6)
  A howler monkey (D:6)
  2 crimson imps
  A bullfrog skeleton (D:5)
  A hound (D:4)
  4 jellies (D:6)
  6 orc wizards
  2 iguanas
  A worker ant (D:6)
  A hound zombie (D:5)
  4 gnolls (D:3)
  5 adders
  17 oozes
  An adder zombie (D:5)
  An adder skeleton (D:5)
  4 worms
  2 dart slugs
  3 leopard geckos
  30 orcs
  4 bats
  2 giant cockroaches
  6 goblins
  11 hobgoblins
  25 jackals
  2 ball pythons
  A frilled lizard (D:4)
  8 kobolds
  2 leopard gecko zombies (D:5)
  2 rats
155 creatures vanquished.

Vanquished Creatures (others)
  An ogre (D:4)
  A bullfrog skeleton (D:4)
  8 fungi (D:6)
10 creatures vanquished.

Grand Total: 165 creatures vanquished

Notes
Turn   | Place    | Note
-------+----------+-------------------------------------------
     0 | D:1      | Ghella the Ogre Berserker began the quest for the Orb.
     0 | D:1      | Reached XP level 1. HP: 24/24 MP: 1/1
   163 | D:1      | Reached XP level 2. HP: 32/32 MP: 2/2
   193 | D:1      | Reached skill level 3 in Maces & Flails
   508 | D:1      | Reached XP level 3. HP: 40/40 MP: 3/3
   774 | D:1      | Reached ** piety under Trog
  1314 | D:2      | Reached XP level 4. HP: 43/49 MP: 4/4
  1929 | D:2      | Found a deep blue altar of Sif Muna.
  1986 | D:2      | Reached skill level 4 in Maces & Flails
  2132 | D:2      | Noticed Sigmund
  2494 | D:3      | Found a shadowy altar of Dithmenos.
  2494 | D:3      | Found a radiant altar of Vehumet.
  2537 | D:3      | Reached XP level 5. HP: 54/55 MP: 5/5
  3188 | D:3      | Reached skill level 5 in Fighting
  3190 | D:3      | Reached skill level 5 in Maces & Flails
  3193 | D:3      | Found a bloodstained altar of Trog.
  3544 | D:4      | Noticed Pikel
  3544 | D:4      | Noticed a slave
  3544 | D:4      | Noticed a slave
  3544 | D:4      | Noticed a slave
  3544 | D:4      | Noticed a slave
  3554 | D:3      | Killed Pikel
  3554 | D:3      | Reached skill level 7 in Maces & Flails
  3554 | D:3      | Reached XP level 6. HP: 48/67 MP: 6/6
  3554 | D:3      | Reached XP level 7. HP: 53/74 MP: 7/7
  4267 | D:5      | Entered Level 5 of the Dungeon
  4289 | D:5      | Reached *** piety under Trog
  4556 | D:5      | Reached XP level 8. HP: 74/83 MP: 8/8
  4812 | D:5      | Found a staircase to the Ecumenical Temple.
  4906 | D:5      | Reached skill level 8 in Maces & Flails
  5043 | D:5      | Found a snail-covered altar of Cheibriados.
  5271 | D:6      | Noticed an oklob plant
  5354 | D:6      | Reached **** piety under Trog
  5879 | D:6      | Reached skill level 9 in Maces & Flails
  6522 | D:6      | Received a gift from Trog
  6854 | D:7      | Reached XP level 9. HP: 18/93 MP: 9/9
  7296 | D:7      | You fall through a shaft for 3 floors!
  7296 | D:10     | Entered Level 10 of the Dungeon
  7296 | D:10     | Noticed a cyclops
  7319 | D:10     | HP: 4/93 [orc/dagger (3)]
  7320 | D:10     | HP: 1/93 [something (4)]
  7321 | D:10     | Slain by an orc

Vault maps used:
D:1:      onia_arrival_pentagram
D:2:      nicolae_overflow_crystal_walls, old_standard_altar,
          lemuel_zombie_altar_yredelemnul, grunt_ministairs_1, uniq_sigmund
D:3:      gammafunk_temple_overflow_elements, trog_book
D:4:      first_bread, corexii_checkpoint_a, uniq_pikel
D:5:      slow_altar_2, temple_fountains
D:6:      lemuel_slime, corexii_leaking_fountain
D:7:      lemuel_doored_altar, kennysheep_mini_moat, lemuel_crystal_altar,
          uniq_duvessa, uniq_prince_ribbit1, uniq_joseph
D:10:     uniq_snorg, uniq_erica

Skill      XL: |  1  2  3  4  5  6  7  8 |
---------------+-------------------------+-----
Maces & Flails | 3 4 7 9 |  9.7
Dodging        | 3 |  3.1
Fighting       | 5 6 7 |  7.6

Action                   |  1- 3 |  4- 6 |  7- 9 || total
-------------------------+-------+-------+-------++-------
Melee: Mace              |    97 |   137 |       ||   234
       Whip              |       |       |   294 ||   294
Invok: Berserk           |     2 |     5 |       ||     7
       Trog's Hand       |       |     1 |     2 ||     3
  Use: Potion            |       |       |     3 ||     3
 Stab: Sleeping          |     1 |       |       ||     1
  Eat: Chunk             |     3 |     7 |     5 ||    15
       Bread ration      |       |     1 |     1 ||     2
       Meat ration       |       |       |     2 ||     2
Armor: Animal skin       |    34 |    40 |    45 ||   119
Dodge: Dodged            |    56 |    95 |   102 ||   253

Table legend:
 A = Spawn XP
 B = Non-spawn XP
 C = Spawn XP percentage of total XP
 D = Spawn monster count
 E = Non-spawn monster count
 F = Spawn count percentage of total count
 G = Total turns spent on level
                    A         B        C        D         E        F      G
               +---------+---------+-------+---------+---------+-------+---------
         Total |       0 |    2554 |   0.0 |       0 |     155 |   0.0 |  7321
               +---------+---------+-------+---------+---------+-------+---------
           D:1 |       0 |      50 |   0.0 |       0 |      26 |   0.0 |  1257
           D:2 |       0 |      84 |   0.0 |       0 |      19 |   0.0 |  1008
           D:3 |       0 |     837 |   0.0 |       0 |      26 |   0.0 |  1525
           D:4 |       0 |      93 |   0.0 |       0 |      15 |   0.0 |   477
           D:5 |       0 |     379 |   0.0 |       0 |      18 |   0.0 |   872
           D:6 |       0 |     909 |   0.0 |       0 |      41 |   0.0 |  1697
           D:7 |       0 |     202 |   0.0 |       0 |      10 |   0.0 |   460
               +---------+---------+-------+---------+---------+-------+---------
